 Dungeon Crawl Stone Soup version 0.26-a0-1013-gf6ffb0d6bd (webtiles) character file.

Game seed: 17473298631249539773

7497 dickylongcocking the Basher (level 11, -2/87 HPs)
             Began as a Formicid Arcane Marksman on Dec 8, 2020.
             Was an Elder of Okawaru.
             Slain by a four-headed hydra (5 damage)
             ... on level 11 of the Dungeon.
             The game lasted 00:12:08 (13416 turns).

dickylongcocking the Basher (FoAM)                 Turns: 13416, Time: 00:12:08

Health: -2/87      AC: 15    Str: 18    XL:     11   Next: 38%
Magic:  13/13      EV:  9    Int: 15    God:    Okawaru [****..]
Gold:   722        SH:  9    Dex: 12    Spells: 11/12 levels left

rFire    . . .     SeeInvis +   B - +4 flail (protect)
rCold    . . .     Faith    .   W - +0 kite shield
rNeg     . . .     Spirit   .   f - +0 ring mail
rPois    .         Reflect  .   (helmet unavailable)
rElec    .         Harm     .   Q - +0 cloak
rCorr    .         Rampage  .   I - +0 pair of gloves {Str+3}
Will     +....                  G - +0 pair of boots
Stlth    ++........             k - amulet of magic regeneration
HPRegen  0.24/turn              j - ring of stealth
MPRegen  0.38/turn              O - +4 ring of protection

@: mighty
A: permanent stasis, dig shafts and tunnels, four strong arms, antennae 3
a: Dig, Shaft Self, Heroism, Renounce Religion


You were on level 11 of the Dungeon.
You worshipped Okawaru.
Okawaru was greatly pleased with you.
You visited 2 branches of the dungeon, and saw 12 of its levels.

You collected 722 gold pieces.

Inventory:

Hand Weapons
 a - a +0 hand crossbow
 h - a +2 vorpal mace
 z - a +0 quarterstaff
 A - a +0 hand axe of electrocution
 B - a +4 flail of protection (weapon)
Missiles
 d - 39 bolts (quivered)
Armour
 e - a +0 robe
 f - a +0 ring mail (worn)
 w - a +1 pair of gloves
 G - a +0 pair of boots (worn)
 I - a +0 pair of gloves of strength (worn)
 Q - a +0 cloak (worn)
 W - a +0 kite shield (worn)
Jewellery
 j - a ring of stealth (left hand)
 k - an amulet of magic regeneration (around neck)
 q - an uncursed ring of resist corrosion
 u - a -4 ring of evasion
 O - a +4 ring of protection (right hand)
 P - an uncursed ring of stealth
 T - an uncursed ring of protection from fire {unknown}
Wands
 i - a wand of acid (3)
 v - a wand of polymorph (6)
 F - a wand of enslavement (14)
 K - a wand of flame (23)
 U - a wand of iceblast (6)
 V - a wand of paralysis (6)
Scrolls
 c - 6 scrolls of amnesia
 g - 4 scrolls of magic mapping
 m - a scroll of enchant weapon
 n - 2 scrolls of random uselessness
 o - 6 scrolls of remove curse
 y - 5 scrolls of teleportation
 C - a scroll of noise
 D - a scroll of fog {unknown}
 L - 9 scrolls of identify
 M - 3 scrolls of fear {unknown}
 N - a scroll of silence {unknown}
 R - a scroll of immolation {unknown}
 X - a scroll of enchant armour {unknown}
Potions
 b - 3 potions of brilliance
 l - 2 potions of might
 p - 2 potions of resistance
 r - 2 potions of haste
 s - 3 potions of flight {unknown}
 t - 2 potions of degeneration {unknown}
 x - a potion of experience {unknown}
 E - 2 potions of mutation {unknown}
 H - 3 potions of ambrosia {unknown}
 S - a potion of curing


   Skills:
 * Level 8.8 Fighting
 * Level 10.5 Maces & Flails
 - Level 2.4 Crossbows
 + Level 9.9 Armour
 - Level 1.7 Dodging
 + Level 1.8 Stealth
 * Level 3.6 Shields
 - Level 1.1 Spellcasting
 - Level 3.6 Hexes
 * Level 3.7 Invocations


You had 11 spell levels left.
You knew the following spells:

 Your Spells              Type           Power        Failure   Level
a - Corona                Hex            ##.....      28%         1

Your spell library contained the following spells:

 Spells                   Type           Power        Failure   Level
 Slow                     Hex            ##......     38%         2
 Confusing Touch          Hex            ##......     63%         3
 Tukima's Dance           Hex            ##......     63%         3
 Ensorcelled Hibernation  Hex/Ice        #.....       65%         2
 Dazzling Flash           Conj/Hex       #.....       86%         3
 Inner Flame              Hex/Fire       #.......     86%         3
 Portal Projectile        Hex/Tloc       #.....       86%         3
 Cause Fear               Hex            ##........   95%         4
 Leda's Liquefaction      Hex/Erth       #.........   99%         4


Dungeon Overview and Level Annotations

Branches:
Dungeon (11/15)            Temple (1/1) D:5             Orc (0/2) D:10
   Lair: D:8-11

Altars:
Cheibriados
Dithmenos
Gozag
Hepliaklqana
Kikubaaqudgha
Okawaru
Qazlal
Ru
Sif Muna
Trog
Uskayaw
Yredelemnul
Zin
The Shining One

Portals:
Abyss: D:6

Annotations:
D:4 1 runed translucent door, Demosthentine's ghost, amateur FoFi
D:6 2 transporters, Copingsaw's ghost, novice GrFi
D:11 2 runed translucent doors, Morp's ghost, novice FoAK


Innate Abilities, Weirdness & Mutations

You cannot be hasted, slowed, berserked, paralysed or teleported.
You can dig through walls and to a lower floor.
Your four strong arms can wield two-handed weapons with a shield.
You have a pair of large antennae on your head. (SInv)


Message History

The boulder beetle bites you!
* * * LOW HITPOINT WARNING * * *
Unknown command.
Unknown command.
Okay, then.
Okay, then.
Are you sure you want to shaft yourself?
The four-headed hydra bites you!
* * * LOW HITPOINT WARNING * * *
The four-headed hydra bites you!
* * * LOW HITPOINT WARNING * * *
The four-headed hydra bites you but does no damage.
The four-headed hydra bites you.
* * * LOW HITPOINT WARNING * * *
The boulder beetle closely misses you.
You begin to dig a shaft.
You continue digging a shaft.
The four-headed hydra bites you but does no damage.
You block the four-headed hydra's attack.
The four-headed hydra bites you.
You die...

##### ..... # ...## .# { ..
.. ...#####.###.{#..#
..#######.##...z.....#.#
...........#@..# ...#
###..........DB.######..#
.............†###...#...#
.....##.....†.........#.#
..................##.##.#
..............###.......##
$.............######.#...#
..#..>.#............##..####
#.......#...................#


You could see a boulder beetle, a four-headed hydra and a wight.

Vanquished Creatures
  Pikel (D:4)
  2 cyclopes
  A hornet (D:11)
  Duvessa (D:7)
  Menkaure (D:4)
  2 wargs (D:10)
  Edmund (D:5)
  An acid dragon (D:10)
  3 water moccasins
  3 orc warriors (D:8)
  4 sky beasts
  2 black bears (D:8)
  2 ice beasts (D:10)
  2 eyes of draining
  2 phantoms
  3 ogres
  4 necrophages
  4 centaurs
  Blork the orc (D:5)
  4 bullfrogs
  3 gnoll sergeants (D:10)
  3 scorpions
  3 killer bees (D:11)
  4 howler monkeys (D:8)
  5 wights
  A bullfrog skeleton (D:11)
  11 hounds
  2 jellies
  11 orc wizards
  A gnoll shaman (D:10)
  2 orc priests
  6 iguanas
  7 worker ants
  Terence (D:3)
  A killer bee zombie (D:9)
  A hound skeleton (D:4)
  2 mummies (D:7)
  14 gnolls
  A howler monkey skeleton (D:9)
  9 adders
  2 shadow imps (D:9)
  3 ufetubi
  An ooze (D:3)
  An adder zombie (D:3)
  An adder skeleton (D:6)
  3 worms
  4 dart slugs
  7 leopard geckos
  38 orcs
  7 giant cockroaches
  8 goblins
  11 hobgoblins
  10 jackals
  7 quokkas
  2 ball pythons
  6 bats
  2 frilled lizards
  7 kobolds
  6 rats
  A butterfly (D:6)
259 creatures vanquished.

Vanquished Creatures (collateral kills)
  Dowan (D:7)
  A hound (D:7)
2 creatures vanquished.

Grand Total: 261 creatures vanquished

Notes
Turn   | Place    | Note
-------+----------+-------------------------------------------
     0 | D:1      | dickylongcocking the Formicid Arcane Marksman began the
                  | quest for the Orb.
     0 | D:1      | Reached XP level 1. HP: 15/15 MP: 2/2
   136 | D:1      | Reached XP level 2. HP: 21/21 MP: 3/3
   231 | D:1      | Reached skill level 1 in Armour
   339 | D:1      | Found a glowing golden altar of the Shining One.
   468 | D:1      | Reached skill level 1 in Maces & Flails
   476 | D:1      | Reached XP level 3. HP: 23/26 MP: 4/4
  1616 | D:2      | Reached skill level 2 in Maces & Flails
  1616 | D:2      | Reached XP level 4. HP: 32/32 MP: 5/5
  1640 | D:2      | Found a stormy altar of Qazlal.
  1642 | D:2      | Noticed an earth elemental
  1645 | D:2      | Noticed an air elemental
  1645 | D:2      | Noticed a fire elemental
  1645 | D:2      | Noticed a water elemental
  2186 | D:3      | Found a bloodstained altar of Trog.
  2186 | D:3      | Noticed an eye of draining
  2194 | D:3      | Reached XP level 5. HP: 37/37 MP: 6/6
  2725 | D:3      | Killed an eye of draining
  2726 | D:3      | Reached skill level 3 in Maces & Flails
  2898 | D:3      | Reached XP level 6. HP: 18/43 MP: 7/7
  3350 | D:3      | Reached skill level 4 in Maces & Flails
  3518 | D:3      | Noticed Terence
  3528 | D:3      | Killed Terence
  4082 | D:4      | Noticed an ogre
  4091 | D:4      | Killed an ogre
  4092 | D:4      | Reached skill level 5 in Armour
  4092 | D:4      | Reached XP level 7. HP: 36/48 MP: 8/8
  4404 | D:4      | Noticed Menkaure
  4411 | D:4      | Killed Menkaure
  4412 | D:4      | Reached skill level 5 in Maces & Flails
  4749 | D:4      | Noticed Pikel
  4777 | D:4      | Killed Pikel
  4778 | D:4      | Reached skill level 6 in Maces & Flails
  4778 | D:4      | Reached XP level 8. HP: 54/54 MP: 9/9
  4999 | D:4      | Found a runed translucent door.
  5004 | D:4      | Noticed Demosthentine's ghost (amateur FoFi)
  5684 | D:5      | Entered Level 5 of the Dungeon
  5684 | D:5      | Noticed Blork the orc
  5694 | D:5      | Killed Blork the orc
  5868 | D:5      | Noticed Edmund
  5876 | D:5      | Killed Edmund
  5877 | D:5      | Reached skill level 7 in Maces & Flails
  6045 | D:5      | Reached XP level 9. HP: 22/60 MP: 10/10
  6682 | D:5      | Found a staircase to the Ecumenical Temple.
  6695 | Temple   | Entered the Ecumenical Temple
  6818 | Temple   | Became a worshipper of Warmaster Okawaru
  7807 | D:6      | Found a transporter.
  7813 | D:6      | Noticed a green ugly thing
  7816 | D:6      | Found a transporter.
  7835 | D:6      | Noticed Copingsaw's ghost (novice GrFi)
  7844 | D:6      | Found a one-way gate to the infinite horrors of the Abyss.
  7847 | D:6      | Noticed a purple ugly thing
  7861 | D:6      | You fall into a shaft and drop 2 floors!
  8080 | D:7      | Noticed Duvessa
  8080 | D:7      | Noticed Dowan
  8096 | D:7      | Killed Dowan
  8117 | D:7      | Killed Duvessa
  8117 | D:7      | Reached * piety under Okawaru
  8118 | D:7      | Reached skill level 8 in Maces & Flails
  8465 | D:6      | Found a hide-covered altar of Uskayaw.
  8775 | D:7      | Reached skill level 5 in Fighting
  9047 | D:7      | Found a snail-covered altar of Cheibriados.
  9051 | D:7      | Found an ancient bone altar of Kikubaaqudgha.
  9056 | D:7      | Found a sacrificial altar of Ru.
  9361 | D:8      | Reached XP level 10. HP: 73/73 MP: 11/11
  9506 | D:8      | Reached ** piety under Okawaru
  9507 | D:8      | Reached skill level 9 in Maces & Flails
 10215 | D:8      | Found a glowing silver altar of Zin.
 11100 | D:10     | Entered Level 10 of the Dungeon
 11272 | D:10     | Reached *** piety under Okawaru
 11489 | D:10     | Reached skill level 10 in Maces & Flails
 11722 | D:10     | Found a staircase to the Orcish Mines.
 11769 | D:10     | Reached skill level 1 in Shields
 11769 | D:10     | Reached skill level 1 in Invocations
 11883 | D:10     | Reached XP level 11. HP: 86/86 MP: 12/12
 12462 | D:10     | Noticed a cyclops
 12777 | D:10     | Killed a cyclops
 12778 | D:10     | Reached skill level 1 in Stealth
 13189 | D:11     | Found a large runed translucent door.
 13194 | D:11     | Noticed Morp's ghost (novice FoAK)
 13195 | D:11     | Found a large runed translucent door.
 13273 | D:11     | Noticed a cyclops
 13288 | D:11     | Killed a cyclops
 13288 | D:11     | Reached **** piety under Okawaru
 13367 | D:11     | Noticed a boulder beetle
 13385 | D:11     | Noticed a four-headed hydra
 13415 | D:11     | HP: 3/87 [four-headed hydra (4)]
 13416 | D:11     | Slain by a four-headed hydra

Illustrated notes

Levels and vault maps discovered:
D:1:      zaba_arrival_water, layout_basic, tso_metal_star
D:2:      layout_basic, nicolae_qazlal_style_of_elements,
          minmay_tree_intersection
D:3:      layout_basic, small_statue_intersection, grunt_decor_junction,
          trog_eyes_of_draining, uniq_terence
D:4:      layout_cave_pods, ebering_ghost_sewer_d, minmay_quantized,
          uniq_menkaure, uniq_pikel
D:5:      layout_rooms, nicolae_overflow_hidden_temple,
          minmay_temple_entry_junction_2, uniq_blork_the_orc, uniq_edmund
D:6:      layout_rooms, lemuel_coloured_pillars_altar,
          gammafunk_ghost_abyssal_escape, hangedman_glass_garden
D:7:      layout_cave_pools, minmay_overflow_temple_star_quad, serial_undead,
          serial_undead_d, serial_undead_f, serial_undead_e, serial_undead_b,
          uniq_duvessa
D:8:      layout_loops_ring, zin_scriptorium, minivault_22, minivault_1
D:9:      layout_loops_ring
D:10:     layout_big_octagon, minmay_orc_entry_guard_dogs, serial_gnoll_camp,
          gnoll_camp_mini_loothouse, gnoll_camp_mini_basic,
          gnoll_camp_medium_01, gnoll_camp_mini_hut
D:11:     layout_rooms, lair_entry_dummy, enter_trove_5,
          ebering_ghost_disaster_area
Temple:   regret_index_temple_generic_petals

Skill      XL: |  1  2  3  4  5  6  7  8  9 10 11 |
---------------+----------------------------------+-----
Armour         | 1 2 3 5 7 8 9 |  9.9
Maces & Flails | 1 2 3 4 6 7 8 10 | 10.5
Fighting       | 5 8 |  8.8
Shields        | 1 3 |  3.6
Invocations    | 1 3 |  3.7
Stealth        | 1 |  1.8
Crossbows      | |  2.4
Dodging        | |  1.7
Spellcasting   | |  1.1
Hexes          | |  3.6

Action                   |  1- 3 |  4- 6 |  7- 9 | 10-12 || total
-------------------------+-------+-------+-------+-------++-------
Melee: Mace              |    88 |   157 |    99 |       ||   344
       Flail             |       |       |   220 |   475 ||   695
       Hand axe          |       |       |     7 |       ||     7
 Fire: Hand crossbow     |     8 |    17 |     2 |    24 ||    51
 Cast: Corona            |       |     1 |       |       ||     1
Invok: Heroism           |       |       |       |     8 ||     8
 Abil: Dig               |       |     2 |       |     1 ||     3
       Shaft Self        |       |       |       |     1 ||     1
Evoke: Wand              |       |       |     6 |     3 ||     9
  Use: Potion            |       |     4 |     2 |    11 ||    17
       Scroll            |       |     2 |     7 |       ||     9
 Stab: Sleeping          |     3 |       |     2 |     3 ||     8
Armor: Ring mail         |    40 |    71 |   133 |   250 ||   494
       Skin              |       |       |    18 |     6 ||    24
Dodge: Dodged            |    77 |   124 |   209 |   234 ||   644
Block: Kite shield       |       |       |       |   124 ||   124

Table legend: (Time is in decaauts)
 A = Elapsed time spent in this place.
 B = Non-inter-level travel time spent in this place.
 C = Inter-level travel time spent in this place.
 D = Time resting spent in this place.
 E = Time spent auto-exploring this place.
 F = Levels seen in this place.
 G = Mean time per level.
                   A        B        C        D        E       F      G
               +--------+--------+--------+--------+--------+-----+--------+
         Total |  13471 |  12754 |    717 |   2340 |   7960 |  12 | 1122.6 |
       Dungeon |  13329 |  12656 |    673 |   2340 |   7873 |  11 | 1211.7 |
        Temple |    141 |     97 |     44 |      0 |     87 |   1 |  141.0 |
               +--------+--------+--------+--------+--------+-----+--------+

Top non-repeatable levels by time:
     D:3: 2213 daAuts
     D:4: 1698 daAuts
    D:10: 1676 daAuts
     D:5: 1261 daAuts
     D:8: 1207 daAuts
     D:2: 1174 daAuts
     D:7: 1044 daAuts
     D:9: 1010 daAuts
     D:1: 897 daAuts
     D:6: 789 daAuts
    D:11: 355 daAuts
  Temple: 141 daAuts
